 Dungeon Crawl Stone Soup version 0.30-a0-168-g0b976cbdc4 (webtiles) character file.

Game seed: 11403899817239072697

305663 ragingrage the Warrior (level 20, -5/189 HPs)
             Began as a Palentonga Fighter on Sept 29, 2022.
             Was a Follower of Uskayaw.
             Slain by a vault warden
             ... wielding a +1 antimagic halberd
              (21 damage)
             ... while paralysed by a dread lich
             ... on level 3 of the Vaults on Oct 5, 2022.
             The game lasted 01:17:53 (50041 turns).

ragingrage the Warrior (Palentonga Fighter)        Turns: 50041, Time: 01:17:54

Health: -5/189     AC: 43    Str: 33    XL:     20   Next: 29%
Magic:  31/31      EV:  1    Int:  9    God:    Uskayaw [*.....]
Gold:   1326       SH:  0    Dex: 14    Spells: 17/19 levels left

rFire   + . .      SeeInvis +    b - +2 battleaxe "Tuwet" {spect, rN+ rCorr SInv Stlth-}
rCold   + . .      Faith    .    (shield currently unavailable)
rNeg    + . .      Spirit   .    S - +4 plate armour {rPois}
rPois   +          Reflect  .    P - +1 helmet
rElec   .          Harm     .    v - +2 cloak {rF+}
rCorr   +          Rampage  .    I - +1 pair of gloves {Dex+3}
Will    +....                    r - +1 barding {Stlth+}
Stlth   ..........               (no amulet)
HPRegen 0.41/turn                T - +4 ring of protection
MPRegen 0.22/turn                O - ring of Leaves {+Blink rC+ Str+4}

@: paralysed, about to teleport, wereblooded, frozen, curled up, very slow
A: large, rugged brown scales 3, see invisible, deformed body, roll 1, armoured
tail, reflexive curl
}: 2/15 runes: decaying, serpentine
a: Rolling Charge, Renounce Religion, Evoke Blink, Stomp


You were on level 3 of the Vaults.
You worshipped Uskayaw.
Uskayaw was pleased with you.
You visited 7 branches of the dungeon, and saw 34 of its levels.
You also visited: Sewer, Ossuary, Bailey and Volcano.

You collected 3964 gold pieces.
You spent 2638 gold pieces at shops.

Inventory:

Hand Weapons
 a - a +1 broad axe of flaming
 b - the +2 battleaxe "Tuwet" (weapon) {spect, rN+ rCorr SInv Stlth-}
   (You bought it in a shop on level 2 of the Orcish Mines)

   When its wielder attacks, the weapon's spirit leaps out and strikes again.
   The spirit shares a part of any damage it takes with its wielder.
   rN:        It protects you from negative energy.
   SInv:      It lets you see invisible.
   rCorr:     It protects you from acid and corrosion.
   Stlth:     It makes you less stealthy.
 g - the +2 battleaxe of Taxation {venom, rElec rPois}
   (You acquired it on level 6 of the Dungeon)

   It poisons the flesh of those it strikes.
   rElec:     It insulates you from electricity.
   rPois:     It protects you from poison.
 k - a +2 arbalest of flaming
 G - a +0 antimagic battleaxe
Missiles
 l - 37 poisoned darts
 D - 2 curare-tipped darts
 Q - 10 javelins
 U - 17 boomerangs
Armour
 r - a +1 barding of stealth (worn)
 v - a +2 cloak of fire resistance (worn)
 I - a +1 pair of gloves of dexterity (worn)
 P - a +1 helmet (worn)
 S - a +4 plate armour of poison resistance (worn)
Jewellery
 h - a ring of protection from fire
 E - a +6 ring of strength
 O - the ring of Leaves (right hand) {+Blink rC+ Str+4}
   (You bought it in a shop on level 2 of the Snake Pit)

   [ring of protection from cold]

   Str:       It affects your strength (+4).
   rC:        It protects you from cold.
   +Blink:    It lets you blink.
 T - a +4 ring of protection (left hand)
Wands
 j - a wand of light (3)
 o - a wand of mindburst (13)
 R - a wand of flame (69) (quivered)
 V - a wand of iceblast (22)
 W - a wand of paralysis (10)
 Y - a wand of digging (6)
Scrolls
 c - 5 scrolls of enchant weapon
 e - 8 scrolls of immolation
 m - 8 scrolls of blinking
 s - 5 scrolls of enchant armour
 t - 7 scrolls of butterflies
 w - 18 scrolls of teleportation
 y - 8 scrolls of magic mapping
 z - a scroll of summoning
 B - 9 scrolls of fear
 C - 2 scrolls of poison
 M - 4 scrolls of amnesia
 N - 2 scrolls of vulnerability
Potions
 d - 3 potions of might
 f - 3 potions of resistance
 i - 27 potions of curing
 n - 6 potions of invisibility
 q - 9 potions of haste
 u - 14 potions of heal wounds
 x - 6 potions of brilliance
 A - 7 potions of flight
 F - 2 potions of cancellation
 H - 7 potions of lignification
 J - 4 potions of ambrosia
 K - 7 potions of berserk rage
 L - 8 potions of attraction
 X - 3 potions of magic
 Z - 4 potions of mutation
Miscellaneous
 p - a condenser vane (inert)


   Skills:
 + Level 20.3 Fighting
 - Level 20.0 Axes
 + Level 3.0 Throwing
 + Level 10.5 Armour
 + Level 3.3 Dodging
 - Level 2.7 Shields
 + Level 10.8 Transmutations
 - Level 15.0 Invocations
 + Level 12.6 Evocations


You had 17 spell levels left.
You knew the following spells:

 Your Spells              Type           Power      Damage    Failure   Level
a - Wereblood             Tmut           19%        N/A       4%          2

Your spell library contained the following spells:

 Spells                   Type           Power      Damage    Failure   Level
 Beastly Appendage        Tmut           38%        N/A       2%          1
 Passwall                 Tmut/Erth      7%         N/A       36%         2
 Spider Form              Tmut/Pois      9%         N/A       61%         3
 Blade Hands              Tmut           9%         N/A       61%         5
 Ignite Poison            Fire/Tmut/Pois 6%         N/A       86%         3
 Magic Dart               Conj           0%         1d3       94%         1
 Sandblast                Erth           0%         2d4       94%         1
 Slow                     Hex            0%         N/A       94%         1
 Petrify                  Tmut/Erth      9%         N/A       95%         4
 Call Imp                 Summ           0%         N/A       98%         2
 Cigotuvi's Dreadful Rot  Necr/Pois/Air  0%         N/A       98%         2
 Ensorcelled Hibernation  Hex/Ice        0%         N/A       98%         2
 Momentum Strike          Conj/Tloc      0%         3d8       98%         2
 Poisonous Vapours        Pois/Air       0%         N/A       98%         2
 Static Discharge         Conj/Air       0%         2-2/arc   98%         2
 Call Canine Familiar     Summ           0%         N/A       100%        3
 Confusing Touch          Hex            0%         N/A       100%        3
 Dazzling Flash           Conj/Hex       0%         N/A       100%        3
 Gell's Gravitas          Tloc           0%         N/A       100%        3
 Inner Flame              Hex/Fire       0%         N/A       100%        3
 Mephitic Cloud           Conj/Pois/Air  0%         N/A       100%        3
 Portal Projectile        Hex/Tloc       0%         N/A       100%        3
 Stone Arrow              Conj/Erth      0%         3d7       100%        3
 Swiftness                Air            0%         N/A       100%        3
 Teleport Other           Tloc           0%         N/A       100%        3
 Tukima's Dance           Hex            0%         N/A       100%        3
 Vampiric Draining        Necr           0%         2d6       100%        3
 Cause Fear               Hex            0%         N/A       100%        4
 Iskenderun's Mystic Bla  Conj/Tloc      0%         2d3       100%        4
 Leda's Liquefaction      Hex/Erth       0%         N/A       100%        4
 Sticky Flame             Conj/Fire      0%         2d3       100%        4
 Arcjolt                  Conj/Air       0%         1d10      100%        5
 Fireball                 Conj/Fire      0%         3d3       100%        5
 Iskenderun's Battlesphe  Conj           0%         2d6       100%        5
 Lightning Bolt           Conj/Air       0%         1d11      100%        5
 Metabolic Englaciation   Hex/Ice        0%         N/A       100%        5
 Conjure Ball Lightning   Conj/Air       0%         3x3d6     100%        6
 Dispersal                Tloc           0%         N/A       100%        6
 Iron Shot                Conj/Erth      0%         9d1       100%        6
 Starburst                Conj/Fire      0%         6d3       100%        6
 Statue Form              Tmut/Erth      6%         N/A       100%        6
 Malign Gateway           Summ/Tloc      0%         N/A       100%        7
 Orb of Destruction       Conj           0%         9d5       100%        7
 Spellforged Servitor     Conj/Summ      0%         N/A       100%        7
 Borgnjor's Revivificati  Necr           0%         N/A       100%        8
 Discord                  Hex            0%         N/A       100%        8
 Ignition                 Fire           0%         3d3       100%        8
 Maxwell's Capacitive Co  Air            0%         ∞         100%        8
 Chain Lightning          Conj/Air       0%         N/A       100%        9
 Fire Storm               Conj/Fire      0%         5d1       100%        9
 Shatter                  Erth           0%         3d5*      100%        9


Dungeon Overview and Level Annotations

Branches:
Dungeon (15/15)            Temple (1/1) D:5            Lair (5/5) D:10
  Swamp (4/4) Lair:3        Snake (4/4) Lair:2        Slime (0/5) Lair:5
    Orc (2/2) D:10            Elf (0/3) Orc:2        Vaults (3/5) D:14
  Crypt (0/3) Vaults:2     Depths (0/4) D:15          Sewer (visited)
Ossuary (visited)          Bailey (visited)         Volcano (visited)

Altars:
Ashenzari
Cheibriados
Dithmenos
Elyvilon
Fedhas
Gozag
Hepliaklqana
Kikubaaqudgha
Makhleb
Nemelex Xobeh
Okawaru
Qazlal
Ru
Sif Muna
Trog
Uskayaw
Vehumet
Wu Jian
Xom
Yredelemnul
Zin
The Shining One

Shops:
D:2 *   D:6 ?   D:7 (   Orc:2 ((!(   Snake:2 *:   Snake:3 (   Snake:4 [
Vaults:1 [   Vaults:3 (

Portals:
Hell: Lair:5

Annotations:
D:14 exclusion: downstairs
Lair:1 1 runed translucent door, pigah's ghost, journeyman OpAE
Swamp:3 2 transporters, hellse's ghost, adept TrDe
Snake:2 2 transporters, freelancePsychic's ghost, adept DrRe
Snake:3 exclusion: downstairs


Innate Abilities, Weirdness & Mutations

You are completely covered in rugged brown scales. (AC +3, +7% HP)
You have supernaturally acute eyesight. (SInv)
Armour fits poorly on your strangely shaped body.
You can roll at nearby foes to attack.
You have a long armoured tail.
You curl defensively after being hit. (AC +7*)


Message History

The dread lich is lightly damaged.
You slash the vault guard!
Your +2 battleaxe "Tuwet" {spect, rN+ rCorr SInv Stlth-} hits the vault guard!!
Your +2 battleaxe "Tuwet" {spect, rN+ rCorr SInv Stlth-} hits the ironbound frostheart but does no damage.
The vault warden is engulfed in freezing vapours.
The vault warden hits you from afar with a +4 vampiric bardiche!!
The vault warden draws strength from your wounds!
The dread lich is engulfed in freezing vapours.
The dread lich points at you and mumbles some strange words.
You suddenly lose the ability to move!
The vault guard is engulfed in freezing vapours.
The vault guard hits your +2 battleaxe "Tuwet" {spect, rN+ rCorr SInv Stlth-} with a +2 war axe of venom!
Your spectral weapon shares its damage with you!
The vault guard hits you but does no damage.
The ironbound frostheart calls freezing cold from the walls.
The frost grips you! You partially resist.
The frost grips your +2 battleaxe "Tuwet" {spect, rN+ rCorr SInv Stlth-}!!
Your +2 battleaxe "Tuwet" {spect, rN+ rCorr SInv Stlth-} partially resists.
Your spectral weapon shares its damage with you!
Your +2 battleaxe "Tuwet" {spect, rN+ rCorr SInv Stlth-} fades away.
The ironbound frostheart is engulfed in freezing vapours.
The vault warden is engulfed in freezing vapours.
The vault warden hits you but does no damage.
The vault guard shouts!
The vault warden is engulfed in freezing vapours.
The vault warden activates a sealing rune.
A door slams shut!
The dread lich touches you.
* * * LOW HITPOINT WARNING * * *
The vault guard is engulfed in freezing vapours.
The ironbound frostheart is engulfed in freezing vapours.
The ironbound frostheart calls freezing cold from the walls.
The frost grips you!! You partially resist.
* * * LOW HITPOINT WARNING * * *
The ironbound frostheart is engulfed in freezing vapours.
The ironbound frostheart calls freezing cold from the walls.
The frost grips you! You partially resist.
* * * LOW HITPOINT WARNING * * *
The vault warden is engulfed in freezing vapours.
The vault warden hits you from afar with a +1 antimagic halberd!!
You die...

#######+#######+######.
#..# #.......+. #..#
#.......## #+##
#.......# #..<....#
#.......# #.......#
##+####### #p@L§§§...
#§§pp§§... #§p§p§§...
#§§§§§§... #.#§#§#.#.
#. ....... #. .#.#.#.
#. .. ..


You could see a dread lich (invisible), 2 vault wardens, a vault guard and 2
ironbound frosthearts.

Vanquished Creatures
  the Lernaean hydra (Swamp:4)
  Saint Roka (Vaults:3)
  Vashnia (Snake:4)
  Nikola (Swamp:4)
  Rupert (D:15)
  Mlioglotl (Snake:3)
  A sphinx (Vaults:3)
  2 thorn hunters (Swamp:4)
  5 nagarajas
  A fenstrider witch (Swamp:2)
  Aizul (Swamp:4)
  10 vault wardens
  An orc warlord (Vaults:1)
  6 very ugly things (Vaults:1)
  12 ironbound preservers
  4 ironbound thunderhulks
  3 eleionomae
  A red draconian (Volcano)
  Azrael (Snake:2)
  3 bunyips
  7 dire elephants
  An ettin (Vaults:3)
  An entropy weaver (Vaults:1)
  2 shambling mangroves
  Josephine (D:15)
  6 great orbs of eyes
  4 yaktaur captains
  10 vault guards
  4 salamander tyrants
  4 boulder beetles
  18 hydras
  3 ogre magi
  14 anacondas
  5 ironbound frosthearts
  A catoblepas (Lair:5)
  14 two-headed ogres
  12 alligators
  2 ghost crabs
  22 centaur warriors
  6 death yaks (Lair:5)
  A vampire mage (D:15)
  11 naga warriors
  4 shock serpents
  3 orc high priests (Orc:2)
  12 naga sharpshooters (Snake:4)
  Urug (Lair:2)
  6 salamander mystics
  A sixfirhy (Lair:5)
  14 skeletal warriors
  6 spriggan druids
  A death drake (Swamp:4)
  27 deep trolls
  6 goliath frogs
  3 bog bodies
  8 naga ritualists
  12 ironbound convokers
  10 swamp dragons
  3 harpies (Vaults:1)
  3 necromancers
  9 wizards
  16 lindwurms
  10 orc knights
  Pikel (D:6)
  A lindwurm (shapeshifter) (D:10)
  2 deep elf pyromancers
  A sphinx zombie (D:15)
  An iron dragon zombie (D:15)
  29 ugly things
  3 manticores
  25 salamanders
  7 mana vipers
  5 cyclopes
  4 will-o-the-wisps
  A frost giant zombie (D:15)
  6 orc sorcerers
  6 elephants
  Joseph (D:10)
  Maurice (Orc:1)
  10 guardian serpents
  42 black mambas
  2 molten gargoyles (Volcano)
  14 vault sentinels
  A smoke demon (Lair:5)
  A human skeleton (Vaults:1)
  3 gargoyles
  An orange demon (Lair:5)
  21 naga magi
  A torpor snail (Lair:5)
  6 cane toads
  2 unseen horrors
  An elf skeleton (Vaults:1)
  6 rime drakes
  A freezing wraith (D:14)
  8 komodo dragons
  33 yaktaurs
  2 ice devils (Lair:5)
  A tengu conjurer (D:14)
  2 red devils (Lair:5)
  A meliai (shapeshifter) (D:13)
  A bloated husk (Swamp:1)
  6 meliai
  10 trolls
  2 polar bears (Lair:1)
  17 hornets
  13 blink frogs
  Grinder (D:3)
  7 dream sheep
  21 slime creatures
  2 tyrant leeches
  5 wraiths
  16 spriggans
  A centaur simulacrum (D:14)
  5 wyverns
  2 shadows
  2 fire elementals
  52 yaks
  3 vampires
  7 fire bats (Volcano)
  7 basilisks
  A golden eye (shapeshifter) (D:13)
  3 steam dragons (D:8)
  3 vampire mosquitoes (D:14)
  3 redbacks (Vaults:1)
  18 swamp worms
  34 nagas
  An acid dragon (D:13)
  6 hell hounds
  13 water moccasins
  A glowing shapeshifter skeleton (Vaults:1)
  Pargi (Sewer)
  An ice beast (D:5)
  3 black bears
  27 orc warriors
  11 swamp drakes
  18 ogres
  4 boggarts
  6 wolves (Lair:2)
  18 centaurs
  A phantom (D:5)
  A kobold brigand (D:9)
  2 necrophages
  12 bullfrogs
  2 gnoll sergeants
  3 scorpions
  A killer bee (D:8)
  28 wights
  2 tengu zombies
  2 electric eels
  4 wolf zombies (Bailey)
  7 vampire bats (Bailey)
  A howler monkey (D:8)
  6 lava snakes
  5 hounds
  2 human zombies (Ossuary)
  A jelly (D:6)
  19 orc priests
  Jessica (D:2)
  An iguana (D:7)
  Ijyb (D:3)
  27 orc wizards
  A hound zombie (Ossuary)
  4 mummies (Ossuary)
  7 gnolls
  8 adders
  A river rat (D:3)
  A shadow imp (D:6)
  A white imp (D:6)
  A worm (D:10)
  2 dart slugs
  61 orcs
  9 ball pythons
  7 endoplasms
  8 giant cockroaches
  9 goblins
  8 hobgoblins
  4 jackals (D:4)
  12 kobolds
  6 quokkas
  5 bats
  A frilled lizard (D:3)
  2 goblin zombies (Ossuary)
  A hobgoblin zombie (Ossuary)
  A jackal zombie (Ossuary)
  2 kobold zombies (Ossuary)
  23 orc zombies
  5 rats
  2 rat zombies (Ossuary)
1287 creatures vanquished.

Vanquished Creatures (others)
  A wizard (Vaults:3)
  2 bloated husks
  A swamp worm (Swamp:2)
  A hell hound (Snake:3)
  An orc (D:8)
  A bush (Lair:5)
  6 foxfires
  24 fungi
  60 plants
  2 starspawn tentacles (Snake:3)
  9 withered plants (D:15)
108 creatures vanquished.

Grand Total: 1395 creatures vanquished

Notes
Turn   | Place    | Note
-------+----------+-------------------------------------------
     0 | D:1      | ragingrage the Palentonga Fighter began the quest for the
                  | Orb.
     0 | D:1      | Reached XP level 1. HP: 19/19 MP: 1/1
   237 | D:1      | Reached XP level 2. HP: 15/25 MP: 2/2
   763 | D:1      | Found a faded altar of an unknown god.
   820 | D:2      | Reached XP level 3. HP: 24/31 MP: 3/3
  1076 | D:3      | Found a glowing drain.
  1165 | Sewer    | Entered a sewer
  1311 | Sewer    | Noticed Pargi
  1319 | Sewer    | Killed Pargi
  1320 | Sewer    | Reached skill level 5 in Axes
  1320 | Sewer    | Reached XP level 4. HP: 37/37 MP: 4/4
  1320 | Sewer    | Reached XP level 5. HP: 43/43 MP: 5/5
  1570 | D:3      | Noticed Ijyb
  1578 | D:3      | Killed Ijyb
  1876 | D:3      | Noticed Grinder
  1879 | D:3      | Paralysed by Grinder for 5 turns
  1895 | D:3      | Paralysed by Grinder for 4 turns
  2021 | D:2      | Found Ilaec's General Store.
  2029 | D:2      | Bought a potion of heal wounds for 70 gold pieces
  2124 | D:2      | Noticed Jessica
  2131 | D:2      | Killed Jessica
  2356 | D:3      | Killed Grinder
  2357 | D:3      | Reached XP level 6. HP: 29/50 MP: 6/6
  2606 | D:5      | Entered Level 5 of the Dungeon
  2724 | D:3      | Gained mutation: You curl defensively after being hit. (AC
                  | +7*) [Palentonga growth]
  2724 | D:3      | Reached XP level 7. HP: 52/55 MP: 7/7
  3617 | D:5      | Reached XP level 8. HP: 62/62 MP: 8/8
  3633 | D:5      | Reached skill level 10 in Axes
  3826 | D:5      | Found a staircase to the Ecumenical Temple.
  3897 | Temple   | Entered the Ecumenical Temple
  4267 | D:6      | Identified a scroll of acquirement
  4267 | D:6      | Acquired the +2 battleaxe of Taxation {venom, rElec rPois}
  4455 | D:6      | Found a sand-covered staircase.
  4475 | Ossuary  | Entered an ossuary
  4661 | D:6      | Noticed Pikel
  4667 | D:6      | Killed Pikel
  4668 | D:6      | Reached XP level 9. HP: 54/67 MP: 9/9
  4735 | D:6      | Found Giuguvo's Magic Scroll Emporium.
  4739 | D:6      | Bought a scroll of teleportation for 39 gold pieces
  4739 | D:6      | Bought a scroll of teleportation for 39 gold pieces
  4739 | D:6      | Bought a scroll of butterflies for 52 gold pieces
  4739 | D:6      | Bought a scroll of blinking for 97 gold pieces
  5512 | D:7      | Found Sedui's Antique Weapon Shoppe.
  5527 | D:7      | Bought an encrusted morningstar for 162 gold pieces
  5527 | D:7      | Identified the +4 morningstar "Hydraslayer" {drain, rPois
                  | SInv Stlth+} (You bought it in a shop on level 7 of the
                  | Dungeon)
  5705 | D:7      | Found a glowing golden altar of the Shining One.
  5805 | D:7      | Found a sacrificial altar of Ru.
  6247 | D:8      | Noticed a troll
  6268 | D:8      | Reached XP level 10. HP: 62/74 MP: 10/10
  6539 | D:8      | Reached skill level 15 in Axes
  6687 | D:8      | Found a broken altar of Ashenzari.
  6806 | D:8      | Found a burning altar of Makhleb.
  7188 | D:8      | Noticed a two-headed ogre
  7200 | D:8      | Killed a two-headed ogre
  8304 | D:9      | Found a flagged portal.
  8430 | Bailey   | Entered a bailey
  8527 | Bailey   | Noticed a gargoyle
  8531 | Bailey   | Killed a gargoyle
  8557 | Bailey   | Identified the +0 robe of Povomp {*Slow Str+4 Int+4}
  8588 | Bailey   | Reached XP level 11. HP: 80/82 MP: 11/11
  8686 | Bailey   | Got the Exposition on Unholy Peregrination
  9233 | D:9      | Found an iron altar of Okawaru.
  9294 | D:9      | Noticed a two-headed ogre
  9300 | D:9      | Killed a two-headed ogre
  9301 | D:9      | Reached skill level 5 in Fighting
  9596 | D:9      | Found a glowing silver altar of Zin.
  9648 | D:10     | Entered Level 10 of the Dungeon
  9825 | D:10     | Found an ancient bone altar of Kikubaaqudgha.
  9825 | D:10     | Noticed a two-headed ogre
  9832 | D:10     | Killed a two-headed ogre
  9907 | D:10     | Reached skill level 5 in Armour
 10132 | D:10     | Found a staircase to the Orcish Mines.
 10143 | D:10     | Found a staircase to the Lair.
 10207 | D:10     | Noticed Joseph
 10219 | D:10     | Killed Joseph
 10423 | D:10     | Found a snail-covered altar of Cheibriados.
 10891 | D:10     | Found a hide-covered altar of Uskayaw.
 11087 | D:10     | Became a worshipper of Uskayaw the Reveller
 11174 | D:10     | Noticed a lindwurm
 11177 | D:10     | Killed a lindwurm
 11177 | D:10     | Reached * piety under Uskayaw
 11375 | D:11     | Reached ** piety under Uskayaw
 11619 | D:11     | Reached *** piety under Uskayaw
 11621 | D:11     | Reached **** piety under Uskayaw
 11625 | D:11     | Reached ***** piety under Uskayaw
 11627 | D:11     | Reached XP level 12. HP: 62/95 MP: 12/12
 11984 | D:11     | Noticed a boulder beetle
 11991 | D:11     | Killed a boulder beetle
 12564 | D:12     | Noticed a two-headed ogre
 12574 | D:12     | Killed a two-headed ogre
 12795 | D:12     | Reached skill level 1 in Invocations
 13122 | D:12     | Found a hazy altar of Hepliaklqana.
 13540 | D:13     | Found an opulent altar of Gozag.
 13542 | D:13     | Noticed a centaur warrior
 13553 | D:13     | Killed a centaur warrior
 13646 | Lair:1   | Entered Level 1 of the Lair of Beasts
 14467 | Lair:1   | Found a runed translucent door.
 14467 | Lair:1   | Noticed pigah's ghost (journeyman OpAE)
 14467 | Lair:1   | Found the +3 Elemental Staff {rElec rF++ rC++ AC+5}
 14757 | Lair:1   | Noticed a boulder beetle
 14768 | Lair:1   | Killed a boulder beetle
 14920 | Lair:2   | Noticed a seven-headed hydra
 14927 | Lair:2   | Killed a seven-headed hydra
 14928 | Lair:2   | Reached XP level 13. HP: 82/105 MP: 15/15
 15175 | Lair:2   | Found a staircase to the Snake Pit.
 16060 | Lair:2   | Noticed Urug
 16068 | Lair:2   | Killed Urug
 16400 | Lair:3   | Reached skill level 5 in Invocations
 16836 | Lair:3   | Reached ****** piety under Uskayaw
 17872 | Lair:3   | Found a staircase to the Swamp.
 18520 | Lair:4   | Found the +7 Spriggan's Knife {stab, EV+4 Stlth+}
 18693 | Lair:5   | Entered Level 5 of the Lair of Beasts
 18715 | Lair:5   | Found a dark tunnel.
 18787 | Volcano  | Entered a volcano
 19103 | Volcano  | Found a radiant altar of Vehumet.
 19108 | Volcano  | Reached XP level 14. HP: 67/116 MP: 19/19
 19118 | Volcano  | Reached skill level 10 in Fighting
 19949 | Lair:5   | Reached skill level 1 in Evocations
 20610 | Lair:5   | Found a burning altar of Makhleb.
 21214 | Lair:5   | Found a staircase to the Slime Pits.
 21879 | Lair:5   | Found a gateway to Hell.
 24782 | D:14     | Found a gate to the Vaults.
 24788 | D:14     | Reached skill level 5 in Evocations
 24788 | D:14     | Reached XP level 15. HP: 104/127 MP: 22/22
 25104 | D:14     | Reached skill level 10 in Invocations
 25535 | D:15     | Entered Level 15 of the Dungeon
 25547 | D:15     | Noticed Rupert
 25683 | Orc:1    | Entered Level 1 of the Orcish Mines
 25751 | Orc:2    | Entered Level 2 of the Orcish Mines
 25888 | Orc:2    | Found a staircase to the Elven Halls.
 26383 | Orc:1    | Noticed Maurice
 26386 | Orc:1    | Killed Maurice
 27999 | Orc:2    | Found Ofeocwy's Weapon Shop.
 27999 | Orc:2    | Found Geynoxam's Antique Weapon Emporium.
 28001 | Orc:2    | Found Vaokloe's Distillery.
 28001 | Orc:2    | Found Fylieschyj's Weapon Emporium.
 28012 | Orc:2    | Bought a runed battleaxe for 304 gold pieces
 28019 | Orc:2    | Bought a potion of magic for 144 gold pieces
 28019 | Orc:2    | Bought a potion of haste for 180 gold pieces
 28019 | Orc:2    | Bought a potion of haste for 180 gold pieces
 28019 | Orc:2    | Bought 2 potions of curing for 108 gold pieces
 28019 | Orc:2    | Bought a potion of resistance for 180 gold pieces
 28019 | Orc:2    | Bought 2 potions of haste for 360 gold pieces
 28020 | Orc:2    | Bought the +2 battleaxe "Tuwet" {spect, rN+ rCorr SInv
                  | Stlth-} for 503 gold pieces
 28152 | Snake:1  | Entered Level 1 of the Snake Pit
 28699 | Snake:1  | Identified the +6 ring mail of Viumeor {rPois Str+2 Slay-4}
 30191 | Snake:2  | Noticed a nagaraja
 30200 | Snake:2  | Killed a nagaraja
 30491 | Snake:2  | Found a transporter.
 30494 | Snake:2  | Noticed freelancePsychic's ghost (adept DrRe)
 30527 | Snake:2  | Found a transporter.
 30542 | Snake:2  | Reached XP level 16. HP: 134/139 MP: 23/25
 31494 | Snake:2  | Found Yhuhy's Book Boutique.
 31494 | Snake:2  | Found Siruuv's Assorted Antiques.
 31819 | Snake:2  | Bought a fine tin ring for 220 gold pieces
 31819 | Snake:2  | Identified the ring of Leaves {+Blink rC+ Str+4} (You
                  | bought it in a shop on level 2 of the Snake Pit)
 32085 | Snake:3  | Found Aliko's Weapon Shop.
 33275 | Snake:3  | Noticed Azrael
 33471 | Snake:2  | Killed Azrael
 33679 | Snake:4  | Entered Level 4 of the Snake Pit
 33712 | Snake:4  | Learned a level 2 spell: Wereblood
 33772 | Snake:4  | Reached skill level 1 in Transmutations
 33776 | Snake:4  | Reached skill level 10 in Evocations
 34521 | Snake:4  | Found Naum's Armour Shop.
 34536 | Snake:4  | Found a hide-covered altar of Uskayaw.
 35481 | Snake:4  | Reached skill level 15 in Fighting
 35540 | Snake:4  | Reached XP level 17. HP: 142/151 MP: 26/26
 35604 | Snake:4  | Reached skill level 5 in Transmutations
 36170 | Snake:4  | Noticed Mlioglotl
 36187 | Snake:3  | Killed Mlioglotl
 36761 | Snake:4  | Got a serpentine rune of Zot
 36884 | Snake:4  | Noticed Vashnia
 36901 | Snake:4  | Killed Vashnia
 37366 | Swamp:1  | Entered Level 1 of the Swamp
 38547 | Swamp:1  | Paralysed by a hornet for 3 turns
 40006 | Swamp:3  | Found a transporter.
 40017 | Swamp:3  | Noticed a profane servitor
 40089 | Swamp:3  | Noticed hellse's ghost (adept TrDe)
 40098 | Swamp:3  | Found a transporter.
 40272 | Swamp:3  | Paralysed by a hornet for 1 turns
 41035 | Swamp:4  | Entered Level 4 of the Swamp
 41040 | Swamp:4  | Noticed Nikola
 41080 | Swamp:4  | Killed Nikola
 41124 | Swamp:4  | Noticed Aizul
 41152 | Swamp:4  | Killed Aizul
 41660 | Swamp:4  | Reached XP level 18. HP: 143/161 MP: 27/27
 42567 | Swamp:4  | Reached skill level 10 in Armour
 42658 | Swamp:4  | Noticed the 27-headed Lernaean hydra
 42665 | Swamp:4  | Killed the 27-headed Lernaean hydra
 42921 | Swamp:4  | Got a decaying rune of Zot
 43240 | D:15     | Killed Rupert
 43352 | D:15     | Found a staircase to the Depths.
 43903 | D:15     | Noticed Josephine
 43907 | D:15     | Killed Josephine
 44193 | Vaults:1 | Entered Level 1 of the Vaults
 44575 | Vaults:1 | Reached skill level 15 in Invocations
 44897 | Vaults:1 | Reached XP level 19. HP: 68/174 MP: 28/30
 45063 | Vaults:1 | Reached skill level 10 in Transmutations
 46242 | Vaults:1 | Found Tuurim's Armour Shop.
 47608 | Vaults:2 | Reached skill level 1 in Throwing
 47608 | Vaults:2 | Reached skill level 1 in Dodging
 47958 | Vaults:2 | Found a staircase to the Crypt.
 47958 | Vaults:2 | Found a basalt altar of Yredelemnul.
 47959 | Vaults:2 | Found an ancient bone altar of Kikubaaqudgha.
 48470 | Vaults:2 | Paralysed by a great orb of eyes for 5 turns
 48856 | Vaults:3 | Found Dotol's Antique Weapon Shop.
 48881 | Vaults:3 | Reached XP level 20. HP: 160/188 MP: 29/31
 49730 | Vaults:3 | Noticed Saint Roka
 49742 | Vaults:3 | Killed Saint Roka
 50034 | Vaults:3 | Noticed a dread lich
 50040 | Vaults:3 | Paralysed by a dread lich for 5 turns
 50041 | Vaults:3 | Slain by a vault warden

Illustrated notes

Levels and vault maps discovered:
D:1:      dpeg_arrival_tiny_a, layout_rooms, ebering_ecumenical_altar_box
D:2:      layout_rooms, serial_shops, nicolae_shop_advertising_works
          [nicolae_subvault_shop_adworks], st_stairs_3, uniq_jessica
D:3:      layout_loops_corners, portal_sewer_entry_a, grunt_decor_arrowhead,
          minmay_box_of_dots, uniq_ijyb, uniq_grinder
D:4:      layout_cave_pools
D:5:      nicolae_cairo_tiling, layout_loops_ring,
          minmay_temple_entry_glassed_door, amcnicky_mini_rare_corridor_liquid
D:6:      nicolae_cairo_tiling_large_dashed, layout_basic, serial_rivers,
          chequers_serial_rivers_micro_c, chequers_serial_rivers_micro_e,
          chequers_serial_rivers_micro_d, chequers_serial_rivers_micro_b,
          chequers_serial_rivers_marsh, chequers_serial_rivers_small_3,
          nicolae_ossuary_entry_false_entrances, serial_shops, shop,
          chequers_avenue, uniq_pikel
D:7:      layout_loops_cross, mainiacjoe_overflow_24_doors,
          mainiacjoe_overflow_cross_hatched, serial_shops, nicolae_diamond_shop
D:8:      layout_rooms, bloody_makhleb, marbit_many_paths, minmay_diced_spiral
D:9:      layout_basic, nicolae_overflow_hidden_temple, zin_treasury,
          enter_bailey_5
D:10:     layout_roguey, mainiacjoe_overflow_paths, cheibrodos_worm_habitat,
          nicolae_uskayaw_suspiria, lair_entry_dummy, orc_0_dummy,
          lightli_fourway_metalbox, uniq_joseph
D:11:     layout_long_grid
D:12:     layout_big_octagon, grunt_ministairs_11, st_stairs_7,
          nicolae_hepliaklqana_hippocampus
D:13:     layout_roguey, grunt_gozag_statues
D:14:     layout_grid_maze, lightli_vaults_fourway_checkpoint
D:15:     gammafunk_depths_entry_grave, layout_irregular_city,
          minmay_strange_pillars, minmay_liquid_box, uniq_josephine, uniq_rupert
Temple:   nicolae_temple_bog_church
Lair:1:   layout_regular_city, gammafunk_ghost_grave,
          nicolae_quartered_pool_medium, minmay_shattered_shrine,
          infiniplex_staircase_pool_2, grunt_megastairs_4
Lair:2:   layout_concentric_octagons, minmay_snake_entry_six_corridors,
          grunt_megastairs_3, uniq_urug
Lair:3:   minmay_lair_venomous_thicket, layout_chaotic_city,
          nicolae_swamp_entry_splash_gauntlet, chequers_serial_rivers_micro_c
Lair:4:   layout_gridlike
Lair:5:   evil_forest, layout_loops_ring, slime_entry_1,
          nicolae_volcano_entry_lava_flow
Swamp:1:  layout_basic_swamp, nicolae_swamp_ascending_descending,
          infiniplex_staircase_pool
Swamp:2:  layout_falls_marsh, evilmike_swamp_ruin_house_3,
          statue_in_the_mist_lemuel, swamp_pool5
Swamp:3:  layout_basic_swamp, gammafunk_ghost_abyssal_escape,
          evilmike_swamp_ruin_house_4
Swamp:4:  swamp_old_school, layout_basic_swamp, uniq_aizul, uniq_nikola
Snake:1:  layout_layer_cave, serial_shops, statue_bzr, drop_trap
Snake:2:  layout_rooms, gammafunk_ghost_berserking_beasts, minmay_shoptagon
Snake:3:  layout_chambers, serial_shops, shop, grunt_megastairs_1, uniq_azrael
Snake:4:  grunt_snake_rune_serpentine_throne, layout_cave_town, basic_altar,
          minmay_shop_star, uniq_mlioglotl, uniq_vashnia
Orc:1:    layout_caves, basic_altar, uniq_maurice
Orc:2:    grunt_orc_tribal_feast, layout_diamond_mine, mines4_lemuel
Vaults:1: hangedman_vaults_river_flow, dpeg_vaults_monster_box, v_misc_23,
          vaults_room_boxed, ontoclasm_vaults_fault,
          vaults_mumra_minichess_inversion, ontoclasm_vaults_spin, v_misc_27,
          v_misc_15, nicolae_vaults_hallways_thing, vaults_mumra_lcd,
          layout_vaults_omnibox, serial_shops, shop
Vaults:2: v_misc_26, ontoclasm_vaults_eye, v_misc_5, vaults_room_hallway,
          nicolae_vaults_network_star, nicolae_vaults_big_ls,
          minmay_crypt_entry_necro_gods, nicolae_vaults_little_squares_4,
          v_misc_33, grunt_vaults_diagonal, v_misc_19, layout_vaults_big_cross
Vaults:3: nicolae_vaults_windows_and_doors_thing, vaults_room_corners,
          vaults_mumra_hexcomb, nicolae_vaults_rhombus_6,
          nicolae_vaults_little_squares_6, v_alt_pattern_6,
          vaults_standard_mumra_x, v_alt_pattern_3, hangedman_vaults_slice,
          v_misc_23, v_misc_24, vaults_room_octagon, grunt_vaults_bifocal,
          layout_vaults_maze_bifur, serial_shops, shop, serial_glass,
          uniq_saint_roka

Skill      XL: |  1  2  3  4  5  6  7  8  9 10 11 12 13 14 15 16 17 18 19 20 |
---------------+-------------------------------------------------------------+-----
Axes           | 3 5 7 9 12 14 16 17 18 19 20 | 20.0
Armour         | 3 5 7 8 9 10 | 10.5
Fighting       | 4 6 8 9 11 13 15 16 18 20 | 20.3
Invocations    | 3 6 9 12 15 | 15.0
Evocations     | 5 8 10 12 | 12.6
Transmutations | 4 7 9 10 | 10.8
Throwing       | 2 3 |  3.0
Dodging        | 2 3 |  3.3
Shields        | |  2.7

Action                   |  1- 3 |  4- 6 |  7- 9 | 10-12 | 13-15 | 16-18 | 19-21 || total
-------------------------+-------+-------+-------+-------+-------+-------+-------++-------
Melee: War axe           |    97 |    99 |   134 |       |       |       |       ||   330
       Tailslap          |     5 |     8 |    30 |    78 |   172 |   156 |    91 ||   540
       Battleaxe         |       |       |    74 |   487 |   887 |   743 |   409 ||  2600
       Morningstar       |       |       |       |     6 |     4 |       |       ||    10
       Eveningstar       |       |       |       |       |     5 |       |       ||     5
       Broad axe         |       |       |       |       |     6 |    66 |       ||    72
       Punch             |       |       |       |       |       |     2 |       ||     2
Throw: Dart              |       |       |       |    14 |    33 |     2 |     1 ||    50
       Javelin           |       |       |       |     5 |       |       |       ||     5
       Boomerang         |       |       |       |     1 |     3 |     4 |       ||     8
 Cast: Wereblood         |       |       |       |       |       |    31 |    33 ||    64
Invok: Grand Finale      |       |       |       |       |     1 |       |       ||     1
       Stomp             |       |       |       |       |     1 |       |       ||     1
 Abil: Rolling Charge    |    11 |    13 |    36 |    55 |   143 |   174 |    66 ||   498
Evoke: Wand              |       |       |       |     4 |    13 |    28 |     1 ||    46
       Condenser vane    |       |       |       |       |     1 |     4 |     2 ||     7
  Use: Potion            |     1 |       |     3 |       |     2 |     4 |       ||    10
       Scroll            |       |     3 |     6 |    14 |     7 |     2 |     1 ||    33
 Stab: Paralysed         |       |       |       |    12 |    70 |    68 |    73 ||   223
       Sleeping          |       |       |       |     1 |       |       |       ||     1
       Distracted        |       |       |       |       |       |    12 |     7 ||    19
       Invisible         |       |       |       |       |       |     3 |       ||     3
Armor: Scale mail        |    54 |       |       |       |       |       |       ||    54
       Troll leather arm |       |    55 |    49 |    45 |       |       |       ||   149
       Leather armour    |       |       |     9 |    41 |       |       |       ||    50
       Plate armour      |       |       |       |   209 |   602 |   545 |   216 ||  1572
Dodge: Dodged            |    34 |    37 |    80 |   147 |   170 |   113 |    48 ||   629
Block: Buckler           |    22 |    10 |    25 |       |       |       |       ||    57
       Kite shield       |       |       |       |       |       |     3 |       ||     3

Table legend: (Time is in decaauts)
 A = Elapsed time spent in this place.
 B = Non-inter-level travel time spent in this place.
 C = Inter-level travel time spent in this place.
 D = Time resting spent in this place.
 E = Time spent auto-exploring this place.
 F = Levels seen in this place.
 G = Mean time per level.
                   A        B        C        D        E       F      G
               +--------+--------+--------+--------+--------+-----+--------+
         Total |  49870 |  47340 |   2530 |  12152 |  27832 |  38 | 1312.4 |
       Dungeon |  17027 |  15641 |   1386 |   3160 |   9788 |  15 | 1135.1 |
        Temple |    164 |    145 |     19 |      0 |    135 |   1 |  164.0 |
          Lair |   8820 |   8389 |    431 |   2655 |   4608 |   5 | 1764.0 |
         Swamp |   5468 |   5273 |    195 |   1735 |   2853 |   4 | 1367.0 |
     Snake Pit |   9081 |   8873 |    208 |   2945 |   4785 |   4 | 2270.2 |
  Orcish Mines |   2378 |   2277 |    101 |    573 |   1267 |   2 | 1189.0 |
        Vaults |   5508 |   5320 |    188 |    603 |   3993 |   3 | 1836.0 |
         Sewer |    217 |    217 |      0 |    118 |     15 |   1 |  217.0 |
       Ossuary |    184 |    184 |      0 |      0 |    119 |   1 |  184.0 |
        Bailey |    391 |    391 |      0 |      4 |    155 |   1 |  391.0 |
       Volcano |    627 |    627 |      0 |    358 |    113 |   1 |  627.0 |
               +--------+--------+--------+--------+--------+-----+--------+

Top non-repeatable levels by time:
 Snake:4: 3354 daAuts
  Lair:5: 2842 daAuts
Vaults:1: 2327 daAuts
 Snake:1: 2160 daAuts
    D:14: 2092 daAuts
Vaults:2: 2027 daAuts
 Snake:2: 1953 daAuts
 Swamp:4: 1913 daAuts
  Lair:2: 1848 daAuts
    D:10: 1844 daAuts
  Lair:3: 1811 daAuts
   Orc:2: 1686 daAuts
 Snake:3: 1613 daAuts
    D:12: 1434 daAuts
     D:8: 1359 daAuts
